TAMPA BAY vs ARIZONA

Created - March-18-21 at 18:55

Goals
1 2 3 T
TAMPA BAY 0 2 2 4
ARIZONA 1 1 1 3
Shots
1 2 3 T
TAMPA BAY 6 9 10 25
ARIZONA 13 18 12 43

1st period

1. ARIZONA , Evgeni Malkin 19 (Thomas Chabot 21, Gabriel Landeskog 19) at 1:22 (PP)

Penalties :
Jake Virtanen (TB ) for Slashing (Minor) at 0:45, Robby Fabbri (TB ) for Holding (Minor) at 2:28, Josh Brown (TB ) for Hooking (Minor) at 6:18, Elias Lindholm (TB ) for Tripping (Minor) at 11:43

2nd period

2. TAMPA BAY , Mathew Barzal 14 (Sebastian Aho 27, Elias Lindholm 17) at 3:21 (PP)
3. TAMPA BAY , Sebastian Aho 25 (Zach Werenski 16) at 4:28
4. ARIZONA , Evgeni Malkin 20 (Gabriel Landeskog 20, Jay Bouwmeester 12) at 15:18

Penalties :
Henri Jokiharju (ARI) for Tripping (Minor) at 2:30, Gabriel Landeskog (ARI) for High sticking (Minor) at 4:30, Zach Werenski (TB ) for Holding (Minor) at 12:00

3rd period

5. TAMPA BAY , Filip Forsberg 14 (Viktor Arvidsson 12) at 3:26
6. ARIZONA , Gabriel Landeskog 14 (Justin Faulk 18, Thomas Chabot 22) at 12:37 (PP)
7. TAMPA BAY , Viktor Arvidsson 13 (John Klingberg 17, Zach Werenski 17) at 16:53

Penalties :
Vladislav Gavrikov (TB ) for Roughing (Minor) at 11:16

Goalie Stats

Pavel Francouz (TB ), 40 saves from 43 shots - (0.930), W, 13-7-4, 60:00 minutes
Corey Crawford (ARI), 21 saves from 25 shots - (0.840), L, 14-11-5, 59:57 minutes

Players Stats for TAMPA BAY

Player Name              G  A  P  +/- PIM S  H  SB GA TA FO     MP     PP MP  PK MP  
------------------------------------------------------------------------------------
David Kampf              0  0  0   0  0   0  0  0  0  0  0/5     2:31   0:00   0:08 
Elias Lindholm           0  1  1   0  2   4  2  0  0  0  15/41  23:54   1:01   4:29 
Filip Chytil             0  0  0   2  0   1  0  0  0  0  8/28   15:42   1:49   0:00 
Filip Forsberg           1  0  1   2  0   4  1  0  0  0  0/0    19:11   1:49   3:29 
Jake Virtanen            0  0  0   0  2   0  4  0  0  0  0/1    14:57   0:00   0:00 
Jesper Bratt             0  0  0   0  0   0  0  0  0  0  1/2     4:11   0:00   1:48 
John Klingberg           0  1  1   2  0   0  3  6  0  0  0/0    25:26   1:16   5:29 
Josh Brown               0  0  0   0  2   0  5  1  0  0  0/0    16:02   0:00   1:23 
MacKenzie Weegar         0  0  0   0  0   0  2  1  0  0  0/0    14:51   0:00   0:11 
Mathew Barzal            1  0  1   0  0   6  1  0  0  0  3/5    20:32   1:01   3:29 
Rasmus Andersson         0  0  0   0  0   1  1  0  0  0  0/0    20:30   1:34   5:01 
Robby Fabbri             0  0  0   0  2   3  2  0  0  0  0/0    14:57   0:00   0:00 
Sebastian Aho            1  1  2   0  0   3  2  1  0  0  1/1    22:35   1:01   5:32 
Sonny Milano             0  0  0   0  0   0  0  0  0  0  0/0     0:00   0:00   0:00 
Tyson Jost               0  0  0   0  0   0  0  0  0  0  9/18   14:58   0:00   0:00 
Viktor Arvidsson         1  1  2   2  0   2  1  0  0  0  0/0    16:35   1:49   0:53 
Vladislav Gavrikov       0  0  0   0  2   1  0  0  0  0  0/0    19:16   1:34   3:48 
Zach Werenski            0  2  2   2  2   0  0  3  0  0  0/0    23:52   1:16   3:56 

Players Stats for ARIZONA

Player Name              G  A  P  +/- PIM S  H  SB GA TA FO     MP     PP MP  PK MP  
------------------------------------------------------------------------------------
Adrian Kempe             0  0  0  -1  0   4  2  0  0  0  0/1    17:04   4:47   0:00 
Brad Richardson          0  0  0  -1  0   1  0  0  0  0  1/1     7:00   0:00   0:38 
Bryan Little             0  0  0   0  0   4  0  0  0  0  0/2    22:58   4:24   0:39 
Conor Sheary             0  0  0  -1  0   4  0  0  0  0  0/0    13:00   0:43   0:00 
Evgeni Malkin            2  0  2   0  0   8  2  0  0  0  18/29  22:49   4:24   0:30 
Gabriel Landeskog        1  2  3   0  2   4  4  0  0  0  3/3    23:09   4:24   0:51 
Henri Jokiharju          0  0  0  -1  2   2  1  1  0  0  0/0    20:25   4:25   0:49 
Jacob Larsson            0  0  0  -1  0   0  0  1  0  0  0/0    15:07   0:43   1:07 
Jay Bouwmeester          0  1  1  -1  0   1  0  2  0  0  0/0    21:38   4:25   2:01 
Jean-Gabriel Pageau      0  0  0   0  0   1  0  0  0  0  18/24  13:18   0:43   1:53 
Joel Eriksson Ek         0  0  0   0  0   3  0  0  0  0  0/0    10:42   0:00   0:00 
Justin Faulk             0  1  1   0  0   1  5  1  0  0  0/0    25:16   4:46   1:43 
Mario Ferraro            0  0  0  -1  0   0  3  0  0  0  0/0    14:00   0:43   0:00 
Mikael Backlund          0  0  0  -1  0   6  1  0  0  0  19/30  17:04   4:47   0:00 
Nicolas Aube-Kubel       0  0  0  -1  0   1  0  0  0  0  0/1     6:22   0:00   0:00 
Riley Sheahan            0  0  0  -1  0   0  1  0  0  0  5/9     8:14   0:43   1:09 
Thomas Chabot            0  2  2   0  0   1  0  1  0  0  0/0    23:33   4:46   0:00 
Zack Kassian             0  0  0   0  0   2  4  0  0  0  0/1    15:29   4:47   0:00 

3 Stars

1 - Viktor Arvidsson (TB )
2 - Evgeni Malkin (ARI)
3 - Gabriel Landeskog (ARI)

Power Play

TAMPA BAY - 1 on 2 Attempt(s) - 50.00%
ARIZONA - 2 on 6 Attempt(s) - 33.33%

Penalty Kill

TAMPA BAY - 4 on 6 Attempt(s) - 66.67% - Score 0 goal in Penalty Kill
ARIZONA - 1 on 2 Attempt(s) - 50.00% - Score 0 goal in Penalty Kill

Team Stat

TAMPA BAY - Hits : 24 - Faceoff Wins : 37 - Blocked Shots : 12 - Penalty Minutes : 12
ARIZONA - Hits : 23 - Faceoff Wins : 64 - Blocked Shots : 6 - Penalty Minutes : 4

Official

Referees : Chris Floresco and Brandon Schrader
Linesman : Libor Suchanek and Kelsey Mahoney

Game Notes

No Game Note

Finance

Level 1 -- Attendance: 5955 (99.25%) -- Ticket Income $518,085
Level 2 -- Attendance: 4976 (99.52%) -- Ticket Income $288,608
Level 3 -- Attendance: 1814 (90.70%) -- Ticket Income $63,490
Level 4 -- Attendance: 3934 (98.35%) -- Ticket Income $78,680
Luxury Box -- Attendance: 858 (85.80%) -- Ticket Income $158,730
Game was played at the Gila River Arena.
Total Attendance: 17537 (97.43%)
Total Ticket Income: $1,107,593
Total Income: $1,107,593

TAMPA BAY

5 vs 5 Forward 
   Center                   Left Wing                Right Wing               Time % Phy DF OF 
 1 Elias Lindholm           Sebastian Aho            Mathew Barzal            35     1   2  2  
 2 Filip Chytil             Filip Forsberg           Viktor Arvidsson         30     1   2  2  
 3 Tyson Jost               Jake Virtanen            Robby Fabbri             25     1   2  2  
 4 David Kampf              Jesper Bratt             Elias Lindholm           10     1   2  2  

5 vs 5 Defense 
   Defense                  Defense                                           Time % Phy DF OF 
 1 Zach Werenski            John Klingberg                                    35     1   2  2  
 2 Rasmus Andersson         Vladislav Gavrikov                                30     1   2  2  
 3 MacKenzie Weegar         Josh Brown                                        25     1   2  2  
 4 Zach Werenski            John Klingberg                                    10     1   2  2  

PowerPlay Forward 
   Center                   Left Wing                Right Wing               Time % Phy DF OF 
 1 Elias Lindholm           Sebastian Aho            Mathew Barzal            60     1   2  2  
 2 Filip Chytil             Filip Forsberg           Viktor Arvidsson         40     1   2  2  

PowerPlay Defense
   Defense                  Defense                                           Time % Phy DF OF 
 1 Zach Werenski            John Klingberg                                    60     1   2  2  
 2 Rasmus Andersson         Vladislav Gavrikov                                40     1   2  2  

Penalty Kill 4 Players Forward 
   Center                   Wing                     Time % Phy DF OF 
 1 Elias Lindholm           Sebastian Aho            60     1   2  2  
 2 Mathew Barzal            Filip Forsberg           40     1   2  2  

Penalty Kill 4 Players Defense
   Defense                  Defense                  Time % Phy DF OF 
 1 Zach Werenski            John Klingberg           60     1   2  2  
 2 Rasmus Andersson         Vladislav Gavrikov       40     1   2  2  

Penalty Kill - 3 Players Forward 
   Forward                                           Time % Phy DF OF 
 1 Elias Lindholm                                    60     1   2  2  
 2 Sebastian Aho                                     40     1   2  2  

Penalty Kill - 3 Players Defense
   Defense                  Defense                  Time % Phy DF OF 
 1 Zach Werenski            John Klingberg           60     1   2  2  
 2 Rasmus Andersson         Vladislav Gavrikov       40     1   2  2  

4 vs 4 Forward 
   Center                   Wing                     Time % Phy DF OF 
 1 Elias Lindholm           Sebastian Aho            60     1   2  2  
 2 Mathew Barzal            Filip Forsberg           40     1   2  2  

4 vs 4 Defense
   Defense                  Defense                  Time % Phy DF OF 
 1 Zach Werenski            John Klingberg           60     1   2  2  
 2 Rasmus Andersson         Vladislav Gavrikov       40     1   2  2  

Last Minutes Offensive
   Center                   Left Wing                Right Wing               Defense                  Defense                  
   Elias Lindholm           Sebastian Aho            Mathew Barzal            Zach Werenski            John Klingberg           

Last Minutes Defensive
   Center                   Left Wing                Right Wing               Defense                  Defense                  
   Elias Lindholm           Sebastian Aho            Mathew Barzal            Zach Werenski            John Klingberg           

Goaltenders
Starting : Pavel Francouz           
Backup : Casey DeSmith            

Extra Forwards
Normal : Sonny Milano, Jake Virtanen, Jesper Bratt - PP : Sonny Milano, Jake Virtanen - PK : Jesper Bratt
Extra Defensemen
Normal : MacKenzie Weegar, Josh Brown, Rasmus Andersson - PP : MacKenzie Weegar - PK : Josh Brown, Rasmus Andersson
Penalty Shots
Elias Lindholm, Sebastian Aho, Mathew Barzal, Filip Forsberg, Viktor Arvidsson

Scratches
Anthony Bitetto (Healthy), TB Cap Hit (Healthy)

ARIZONA

5 vs 5 Forward 
   Center                   Left Wing                Right Wing               Time % Phy DF OF 
 1 Evgeni Malkin            Bryan Little             Gabriel Landeskog        40     1   1  3  
 2 Mikael Backlund          Conor Sheary             Adrian Kempe             30     1   2  2  
 3 Jean-Gabriel Pageau      Joel Eriksson Ek         Zack Kassian             25     1   3  1  
 4 Riley Sheahan            Brad Richardson          Nicolas Aube-Kubel       5      1   4  0  

5 vs 5 Defense 
   Defense                  Defense                                           Time % Phy DF OF 
 1 Justin Faulk             Thomas Chabot                                     35     1   2  2  
 2 Jay Bouwmeester          Henri Jokiharju                                   30     1   2  2  
 3 Jacob Larsson            Mario Ferraro                                     25     1   2  2  
 4 Justin Faulk             Thomas Chabot                                     10     1   2  2  

PowerPlay Forward 
   Center                   Left Wing                Right Wing               Time % Phy DF OF 
 1 Evgeni Malkin            Bryan Little             Gabriel Landeskog        60     1   0  4  
 2 Mikael Backlund          Adrian Kempe             Zack Kassian             40     1   1  3  

PowerPlay Defense
   Defense                  Defense                                           Time % Phy DF OF 
 1 Justin Faulk             Thomas Chabot                                     60     1   1  3  
 2 Jay Bouwmeester          Henri Jokiharju                                   40     1   2  2  

Penalty Kill 4 Players Forward 
   Center                   Wing                     Time % Phy DF OF 
 1 Jean-Gabriel Pageau      Gabriel Landeskog        60     1   3  1  
 2 Mikael Backlund          Joel Eriksson Ek         40     1   3  1  

Penalty Kill 4 Players Defense
   Defense                  Defense                  Time % Phy DF OF 
 1 Justin Faulk             Jay Bouwmeester          60     1   4  0  
 2 Jacob Larsson            Henri Jokiharju          40     1   4  0  

Penalty Kill - 3 Players Forward 
   Forward                                           Time % Phy DF OF 
 1 Jean-Gabriel Pageau                               60     1   4  0  
 2 Riley Sheahan                                     40     1   4  0  

Penalty Kill - 3 Players Defense
   Defense                  Defense                  Time % Phy DF OF 
 1 Jay Bouwmeester          Thomas Chabot            60     1   4  0  
 2 Jacob Larsson            Henri Jokiharju          40     1   4  0  

4 vs 4 Forward 
   Center                   Wing                     Time % Phy DF OF 
 1 Evgeni Malkin            Gabriel Landeskog        60     1   1  3  
 2 Mikael Backlund          Conor Sheary             40     1   2  2  

4 vs 4 Defense
   Defense                  Defense                  Time % Phy DF OF 
 1 Justin Faulk             Henri Jokiharju          60     1   2  2  
 2 Jay Bouwmeester          Thomas Chabot            40     1   2  2  

Last Minutes Offensive
   Center                   Left Wing                Right Wing               Defense                  Defense                  
   Evgeni Malkin            Bryan Little             Gabriel Landeskog        Justin Faulk             Thomas Chabot            

Last Minutes Defensive
   Center                   Left Wing                Right Wing               Defense                  Defense                  
   Jean-Gabriel Pageau      Brad Richardson          Gabriel Landeskog        Justin Faulk             Jay Bouwmeester          

Goaltenders
Starting : Corey Crawford           
Backup : Alexandar Georgiev       

Extra Forwards
Normal : Jean-Gabriel Pageau, Riley Sheahan, Joel Eriksson Ek - PP : Jean-Gabriel Pageau, Riley Sheahan - PK : Riley Sheahan
Extra Defensemen
Normal : Henri Jokiharju, Mario Ferraro, Jay Bouwmeester - PP : Henri Jokiharju - PK : Henri Jokiharju, Jacob Larsson
Penalty Shots
Gabriel Landeskog, Evgeni Malkin, Mikael Backlund, Bryan Little, Jean-Gabriel Pageau

Scratches
Nick Shore (Healthy), ARI Cap Hit (Suspend), Oliver Kylington (Healthy), Evan Barratt (Healthy)

% Time on Ice - TAMPA BAY

Lines # - Real PCT - Wanted PCT - Time Play
Normal Forward
1 - 33% - 35% - 15:32
2 - 30% - 30% - 13:53
3 - 32% - 25% - 14:58
4 - 5% - 10% - 2:23
Normal Defense
1 - 33% - 35% - 15:40
2 - 30% - 30% - 13:55
3 - 30% - 25% - 14:10
4 - 6% - 10% - 3:01
PP Forward
1 - 36% - 60% - 1:01
2 - 64% - 40% - 1:49
PP Defense
1 - 45% - 60% - 1:16
2 - 55% - 40% - 1:34
PK Forward
1 - 65% - 60% - 6:25
2 - 35% - 40% - 3:29
PK Defense
1 - 50% - 60% - 4:58
2 - 50% - 40% - 4:56
PK3 Forward
1 - 0% - 60%
2 - 0% - 40%
PK3 Defense
1 - 0% - 60%
2 - 0% - 40%
44 Forward
1 - 0% - 60%
2 - 0% - 40%
44 Defense
1 - 0% - 60%
2 - 0% - 40%
Last Minute Offensive  - 0:00
Last Minute Defensive  - 0:30
Total
Forward - 60:00
Defense - 60:00

% Time on Ice - ARIZONA

Lines # - Real PCT - Wanted PCT - Time Play
Normal Forward
1 - 37% - 40% - 16:55
2 - 27% - 30% - 12:17
3 - 23% - 25% - 10:42
4 - 14% - 5% - 6:22
Normal Defense
1 - 34% - 35% - 15:46
2 - 33% - 30% - 15:12
3 - 29% - 25% - 13:17
4 - 4% - 10% - 2:01
PP Forward
1 - 44% - 60% - 4:24
2 - 56% - 40% - 5:30
PP Defense
1 - 55% - 60% - 5:29
2 - 45% - 40% - 4:25
PK Forward
1 - 100% - 60% - 2:50
2 - 0% - 40% - 0:00
PK Defense
1 - 61% - 60% - 1:43
2 - 39% - 40% - 1:07
PK3 Forward
1 - 0% - 60%
2 - 0% - 40%
PK3 Defense
1 - 0% - 60%
2 - 0% - 40%
44 Forward
1 - 0% - 60%
2 - 0% - 40%
44 Defense
1 - 0% - 60%
2 - 0% - 40%
Last Minute Offensive  - 1:00
Last Minute Defensive  - 0:00
Total
Forward - 60:00
Defense - 60:00

Play-by-Play

1st period


0:01 of 1st period - Evgeni Malkin wins face-off versus Elias Lindholm in neutral zone.
0:20 of 1st period - Shot by Gabriel Landeskog.
0:20 of 1st period - Shot Blocked by John Klingberg.
0:22 of 1st period - Shot by Justin Faulk.
0:22 of 1st period - Stopped by Pavel Francouz without a rebound.
0:23 of 1st period - Mikael Backlund wins face-off versus Filip Chytil in TAMPA BAY zone.
0:24 of 1st period - Shot by Conor Sheary.
0:24 of 1st period - Stopped by Pavel Francouz without a rebound.
0:25 of 1st period - Tyson Jost wins face-off versus Jean-Gabriel Pageau in TAMPA BAY zone.
0:44 of 1st period - Shot by Tyson Jost.
0:44 of 1st period - Shot Blocked by Jacob Larsson.
0:45 of 1st period - Minor Penalty to Jake Virtanen for Slashing.
0:46 of 1st period - Elias Lindholm wins face-off versus Evgeni Malkin in TAMPA BAY zone.
1:18 of 1st period - Shot by Evgeni Malkin.
1:18 of 1st period - Shot Misses the Net.
1:20 of 1st period - Shot by Thomas Chabot.
1:20 of 1st period - Shot Misses the Net.
1:22 of 1st period - Shot by Evgeni Malkin.
1:22 of 1st period - Goal by Evgeni Malkin - TAMPA BAY : 0 - ARIZONA : 1.
1:23 of 1st period - Mikael Backlund wins face-off versus Filip Chytil in neutral zone.
1:51 of 1st period - Shot by Filip Forsberg.
1:51 of 1st period - Stopped by Corey Crawford without a rebound.
1:52 of 1st period - Jean-Gabriel Pageau wins face-off versus Elias Lindholm in ARIZONA zone.
1:56 of 1st period - Off-side.
1:57 of 1st period - Elias Lindholm wins face-off versus Evgeni Malkin in neutral zone.
2:15 of 1st period - Shot by Sebastian Aho.
2:15 of 1st period - Shot Misses the Net.
2:17 of 1st period - Shot by Elias Lindholm.
2:17 of 1st period - Shot Hit the Post.
2:19 of 1st period - Shot by John Klingberg.
2:19 of 1st period - Shot Misses the Net.
2:21 of 1st period - Shot by Mathew Barzal.
2:21 of 1st period - Stopped by Corey Crawford without a rebound.
2:22 of 1st period - Mikael Backlund wins face-off versus Tyson Jost in ARIZONA zone.
2:26 of 1st period - Henri Jokiharju is hit by Robby Fabbri and loses puck.
2:28 of 1st period - Minor Penalty to Robby Fabbri for Holding.
2:29 of 1st period - Elias Lindholm wins face-off versus Mikael Backlund in TAMPA BAY zone.
2:40 of 1st period - Shot by Zack Kassian.
2:40 of 1st period - Stopped by Pavel Francouz without a rebound.
2:41 of 1st period - Elias Lindholm wins face-off versus Evgeni Malkin in TAMPA BAY zone.
2:41 of 1st period - Elias Lindholm is hit by Evgeni Malkin.
3:10 of 1st period - Icing by Thomas Chabot.
3:11 of 1st period - Mathew Barzal wins face-off versus Bryan Little in ARIZONA zone.
3:32 of 1st period - Shot by Bryan Little.
3:32 of 1st period - Stopped by Pavel Francouz without a rebound.
3:33 of 1st period - Mikael Backlund wins face-off versus Elias Lindholm in TAMPA BAY zone.
3:44 of 1st period - Shot by Adrian Kempe.
3:44 of 1st period - Stopped by Pavel Francouz without a rebound.
3:45 of 1st period - Mathew Barzal wins face-off versus Zack Kassian in TAMPA BAY zone.
3:45 of 1st period - Mathew Barzal is hit by Zack Kassian.
4:12 of 1st period - Elias Lindholm is hit by Zack Kassian and loses puck.
4:32 of 1st period - Icing by Justin Faulk.
4:33 of 1st period - Evgeni Malkin wins face-off versus Filip Chytil in ARIZONA zone.
4:58 of 1st period - Shot by Evgeni Malkin.
4:58 of 1st period - Stopped by Pavel Francouz with a rebound.
5:00 of 1st period - Shot by Gabriel Landeskog.
5:00 of 1st period - Shot Blocked by Zach Werenski.
5:15 of 1st period - Icing by Thomas Chabot.
5:16 of 1st period - Evgeni Malkin wins face-off versus Elias Lindholm in ARIZONA zone.
5:52 of 1st period - Icing by Justin Faulk.
5:53 of 1st period - Gabriel Landeskog wins face-off versus Tyson Jost in ARIZONA zone.
6:16 of 1st period - Josh Brown is hit by Gabriel Landeskog and loses puck.
6:18 of 1st period - Minor Penalty to Josh Brown for Hooking.
6:19 of 1st period - Sebastian Aho wins face-off versus Mikael Backlund in TAMPA BAY zone.
7:56 of 1st period - Icing by Mikael Backlund.
7:57 of 1st period - Mikael Backlund wins face-off versus Elias Lindholm in ARIZONA zone.
8:02 of 1st period - Shot by Jay Bouwmeester.
8:02 of 1st period - Stopped by Pavel Francouz without a rebound.
8:03 of 1st period - Elias Lindholm wins face-off versus Evgeni Malkin in TAMPA BAY zone.
9:16 of 1st period - Icing by Brad Richardson.
9:17 of 1st period - Mathew Barzal wins face-off versus Riley Sheahan in ARIZONA zone.
9:33 of 1st period - Icing by Zach Werenski.
9:34 of 1st period - Mikael Backlund wins face-off versus Elias Lindholm in TAMPA BAY zone.
9:39 of 1st period - Shot by Adrian Kempe.
9:39 of 1st period - Stopped by Pavel Francouz without a rebound.
9:40 of 1st period - Filip Chytil wins face-off versus Mikael Backlund in TAMPA BAY zone.
9:52 of 1st period - Shot by Adrian Kempe.
9:52 of 1st period - Shot Misses the Net.
10:23 of 1st period - Icing by Vladislav Gavrikov.
10:24 of 1st period - Jean-Gabriel Pageau wins face-off versus Filip Chytil in TAMPA BAY zone.
10:25 of 1st period - Shot by Zack Kassian.
10:25 of 1st period - Stopped by Pavel Francouz without a rebound.
10:26 of 1st period - Jean-Gabriel Pageau wins face-off versus Elias Lindholm in TAMPA BAY zone.
10:49 of 1st period - Shot by Elias Lindholm.
10:49 of 1st period - Stopped by Corey Crawford without a rebound.
10:50 of 1st period - Evgeni Malkin wins face-off versus Tyson Jost in ARIZONA zone.
11:05 of 1st period - Robby Fabbri is hit by Mario Ferraro and loses puck.
11:22 of 1st period - Jacob Larsson is hit by Jake Virtanen and loses puck.
11:28 of 1st period - Jake Virtanen is hit by Mario Ferraro and loses puck.
11:43 of 1st period - Minor Penalty to Elias Lindholm for Tripping.
11:44 of 1st period - Mikael Backlund wins face-off versus Jesper Bratt in TAMPA BAY zone.
12:01 of 1st period - Shot by Thomas Chabot.
12:01 of 1st period - Shot Misses the Net.
12:05 of 1st period - Shot by Mikael Backlund.
12:05 of 1st period - Stopped by Pavel Francouz without a rebound.
12:06 of 1st period - Jesper Bratt wins face-off versus Mikael Backlund in TAMPA BAY zone.
12:24 of 1st period - Shot by Mikael Backlund.
12:24 of 1st period - Shot Misses the Net.
13:22 of 1st period - Shot by Evgeni Malkin.
13:22 of 1st period - Shot Misses the Net.
13:49 of 1st period - Off-side.
13:50 of 1st period - Riley Sheahan wins face-off versus Tyson Jost in neutral zone.
13:50 of 1st period - Riley Sheahan is hit by Jake Virtanen.
14:08 of 1st period - Shot by Robby Fabbri.
14:08 of 1st period - Stopped by Corey Crawford without a rebound.
14:09 of 1st period - Jean-Gabriel Pageau wins face-off versus David Kampf in ARIZONA zone.
14:14 of 1st period - Shot by Jesper Bratt.
14:14 of 1st period - Shot Misses the Net.
15:16 of 1st period - Shot by Bryan Little.
15:16 of 1st period - Stopped by Pavel Francouz without a rebound.
15:17 of 1st period - Mikael Backlund wins face-off versus Tyson Jost in TAMPA BAY zone.
15:28 of 1st period - Shot by Robby Fabbri.
15:28 of 1st period - Stopped by Corey Crawford without a rebound.
15:29 of 1st period - Evgeni Malkin wins face-off versus Filip Chytil in ARIZONA zone.
15:38 of 1st period - Shot by Evgeni Malkin.
15:38 of 1st period - Deflect By Bryan Little.
15:38 of 1st period - Shot Misses the Net.
15:57 of 1st period - Shot by Gabriel Landeskog.
15:57 of 1st period - Shot Blocked by John Klingberg.
15:59 of 1st period - Shot by Jay Bouwmeester.
15:59 of 1st period - Shot Blocked by John Klingberg.
16:01 of 1st period - Shot by Henri Jokiharju.
16:01 of 1st period - Stopped by Pavel Francouz with a rebound.
16:22 of 1st period - Icing by Justin Faulk.
16:23 of 1st period - Mikael Backlund wins face-off versus Elias Lindholm in ARIZONA zone.
16:23 of 1st period - Mikael Backlund is hit by Elias Lindholm.
16:53 of 1st period - Shot by Conor Sheary.
16:53 of 1st period - Shot Misses the Net.
17:44 of 1st period - Shot by Robby Fabbri.
17:44 of 1st period - Shot Misses the Net.
18:23 of 1st period - Off-side.
18:24 of 1st period - Filip Chytil wins face-off versus Evgeni Malkin in neutral zone.
19:04 of 1st period - Icing by Viktor Arvidsson.
19:05 of 1st period - Filip Chytil wins face-off versus Adrian Kempe in TAMPA BAY zone.
19:24 of 1st period - Off-side.
19:25 of 1st period - Elias Lindholm wins face-off versus Riley Sheahan in neutral zone.
19:39 of 1st period - Shot by Sebastian Aho.
19:39 of 1st period - Shot Misses the Net.
19:41 of 1st period - Shot by Rasmus Andersson.
19:41 of 1st period - Stopped by Corey Crawford without a rebound.
19:42 of 1st period - Mikael Backlund wins face-off versus Tyson Jost in ARIZONA zone.
Goals for this period are 0 for TAMPA BAY vs 1 for ARIZONA.
Shots for this period are 6 for TAMPA BAY vs 13 for ARIZONA.

2nd period


0:01 of 2nd period - Elias Lindholm wins face-off versus Mikael Backlund in neutral zone.
0:04 of 2nd period - Shot by Mathew Barzal.
0:04 of 2nd period - Shot Blocked by Henri Jokiharju.
0:17 of 2nd period - Off-side.
0:18 of 2nd period - Evgeni Malkin wins face-off versus Filip Chytil in neutral zone.
0:18 of 2nd period - Thomas Chabot is hit by Viktor Arvidsson and loses puck.
0:54 of 2nd period - Shot by Gabriel Landeskog.
0:54 of 2nd period - Stopped by Pavel Francouz without a rebound.
0:55 of 2nd period - Mikael Backlund wins face-off versus Elias Lindholm in TAMPA BAY zone.
1:06 of 2nd period - Shot by Mikael Backlund.
1:06 of 2nd period - Shot Blocked by John Klingberg.
1:16 of 2nd period - Shot by Sebastian Aho.
1:16 of 2nd period - Stopped by Corey Crawford without a rebound.
1:17 of 2nd period - Tyson Jost wins face-off versus Jean-Gabriel Pageau in ARIZONA zone.
1:22 of 2nd period - Shot by Robby Fabbri.
1:22 of 2nd period - Shot Misses the Net.
2:15 of 2nd period - Icing by Elias Lindholm.
2:16 of 2nd period - Evgeni Malkin wins face-off versus Elias Lindholm in TAMPA BAY zone.
2:17 of 2nd period - Shot by Bryan Little.
2:17 of 2nd period - Stopped by Pavel Francouz without a rebound.
2:18 of 2nd period - Elias Lindholm wins face-off versus Evgeni Malkin in TAMPA BAY zone.
2:30 of 2nd period - Minor Penalty to Henri Jokiharju for Tripping.
2:31 of 2nd period - Gabriel Landeskog wins face-off versus Filip Chytil in ARIZONA zone.
2:31 of 2nd period - Gabriel Landeskog is hit by Filip Forsberg.
3:01 of 2nd period - Shot by John Klingberg.
3:01 of 2nd period - Shot Blocked by Jay Bouwmeester.
3:03 of 2nd period - Shot by Filip Forsberg.
3:03 of 2nd period - Stopped by Corey Crawford without a rebound.
3:04 of 2nd period - Riley Sheahan wins face-off versus Elias Lindholm in ARIZONA zone.
3:21 of 2nd period - Shot by Mathew Barzal.
3:21 of 2nd period - Goal by Mathew Barzal - TAMPA BAY : 1 - ARIZONA : 1.
3:22 of 2nd period - Tyson Jost wins face-off versus Mikael Backlund in neutral zone.
3:24 of 2nd period - Jake Virtanen is hit by Adrian Kempe and loses puck.
3:48 of 2nd period - Shot by Robby Fabbri.
3:48 of 2nd period - Stopped by Corey Crawford without a rebound.
3:49 of 2nd period - Elias Lindholm wins face-off versus Riley Sheahan in ARIZONA zone.
4:04 of 2nd period - Shot by Nicolas Aube-Kubel.
4:04 of 2nd period - Shot Blocked by Zach Werenski.
4:28 of 2nd period - Shot by Sebastian Aho.
4:28 of 2nd period - Goal by Sebastian Aho - TAMPA BAY : 2 - ARIZONA : 1.
4:29 of 2nd period - Filip Chytil wins face-off versus Evgeni Malkin in neutral zone.
4:29 of 2nd period - Filip Chytil is hit by Gabriel Landeskog.
4:30 of 2nd period - Minor Penalty to Gabriel Landeskog for High sticking.
4:31 of 2nd period - Jean-Gabriel Pageau wins face-off versus Filip Chytil in ARIZONA zone.
4:49 of 2nd period - Icing by Filip Forsberg.
4:50 of 2nd period - Jean-Gabriel Pageau wins face-off versus Filip Chytil in TAMPA BAY zone.
6:05 of 2nd period - Shot by Sebastian Aho.
6:05 of 2nd period - Stopped by Corey Crawford without a rebound.
6:06 of 2nd period - Riley Sheahan wins face-off versus Filip Chytil in ARIZONA zone.
6:30 of 2nd period - Viktor Arvidsson is hit by Justin Faulk and loses puck.
6:56 of 2nd period - Jake Virtanen is hit by Adrian Kempe and loses puck.
7:26 of 2nd period - Shot by Evgeni Malkin.
7:26 of 2nd period - Stopped by Pavel Francouz with a rebound.
7:40 of 2nd period - Shot by Evgeni Malkin.
7:40 of 2nd period - Stopped by Pavel Francouz without a rebound.
7:41 of 2nd period - Jean-Gabriel Pageau wins face-off versus Elias Lindholm in TAMPA BAY zone.
8:04 of 2nd period - Shot by Joel Eriksson Ek.
8:04 of 2nd period - Stopped by Pavel Francouz without a rebound.
8:05 of 2nd period - Mikael Backlund wins face-off versus Filip Chytil in TAMPA BAY zone.
8:25 of 2nd period - Shot by Filip Chytil.
8:25 of 2nd period - Stopped by Corey Crawford without a rebound.
8:26 of 2nd period - Evgeni Malkin wins face-off versus Elias Lindholm in ARIZONA zone.
8:51 of 2nd period - Shot by Evgeni Malkin.
8:51 of 2nd period - Stopped by Pavel Francouz without a rebound.
8:52 of 2nd period - Mikael Backlund wins face-off versus Filip Chytil in TAMPA BAY zone.
9:19 of 2nd period - Rasmus Andersson is hit by Mikael Backlund and loses puck.
9:56 of 2nd period - Off-side.
9:57 of 2nd period - Jean-Gabriel Pageau wins face-off versus Elias Lindholm in neutral zone.
10:25 of 2nd period - Shot by Joel Eriksson Ek.
10:25 of 2nd period - Stopped by Pavel Francouz without a rebound.
10:26 of 2nd period - Tyson Jost wins face-off versus Evgeni Malkin in TAMPA BAY zone.
11:13 of 2nd period - Justin Faulk is hit by John Klingberg and loses puck.
11:21 of 2nd period - Icing by John Klingberg.
11:22 of 2nd period - Mikael Backlund wins face-off versus David Kampf in TAMPA BAY zone.
11:23 of 2nd period - Shot by Conor Sheary.
11:23 of 2nd period - Stopped by Pavel Francouz without a rebound.
11:24 of 2nd period - Mikael Backlund wins face-off versus Elias Lindholm in TAMPA BAY zone.
11:24 of 2nd period - Jay Bouwmeester is hit by John Klingberg and loses puck.
11:27 of 2nd period - Shot by Mikael Backlund.
11:27 of 2nd period - Stopped by Pavel Francouz without a rebound.
11:28 of 2nd period - Jean-Gabriel Pageau wins face-off versus Elias Lindholm in TAMPA BAY zone.
11:40 of 2nd period - Icing by Zach Werenski.
11:41 of 2nd period - Elias Lindholm wins face-off versus Mikael Backlund in TAMPA BAY zone.
11:54 of 2nd period - Adrian Kempe is hit by John Klingberg and loses puck.
12:00 of 2nd period - Minor Penalty to Zach Werenski for Holding.
12:01 of 2nd period - Evgeni Malkin wins face-off versus Elias Lindholm in TAMPA BAY zone.
12:14 of 2nd period - Shot by Justin Faulk.
12:14 of 2nd period - Shot Blocked by Sebastian Aho.
12:42 of 2nd period - Shot by Bryan Little.
12:42 of 2nd period - Stopped by Pavel Francouz without a rebound.
12:43 of 2nd period - Mikael Backlund wins face-off versus Mathew Barzal in TAMPA BAY zone.
13:25 of 2nd period - Josh Brown is hit by Zack Kassian and loses puck.
13:36 of 2nd period - John Klingberg is hit by Evgeni Malkin.
13:54 of 2nd period - Shot by Thomas Chabot.
13:54 of 2nd period - Stopped by Pavel Francouz without a rebound.
13:55 of 2nd period - Evgeni Malkin wins face-off versus Mathew Barzal in TAMPA BAY zone.
14:00 of 2nd period - Shot by Gabriel Landeskog.
14:00 of 2nd period - Shot Misses the Net.
14:03 of 2nd period - Icing by Tyson Jost.
14:04 of 2nd period - Riley Sheahan wins face-off versus Tyson Jost in TAMPA BAY zone.
14:13 of 2nd period - Shot by Nicolas Aube-Kubel.
14:13 of 2nd period - Stopped by Pavel Francouz with a rebound.
14:20 of 2nd period - Shot by Brad Richardson.
14:20 of 2nd period - Stopped by Pavel Francouz with a rebound.
14:54 of 2nd period - Shot by Conor Sheary.
14:54 of 2nd period - Stopped by Pavel Francouz without a rebound.
14:55 of 2nd period - Evgeni Malkin wins face-off versus Elias Lindholm in TAMPA BAY zone.
15:16 of 2nd period - Shot by Gabriel Landeskog.
15:16 of 2nd period - Shot Misses the Net.
15:18 of 2nd period - Shot by Evgeni Malkin.
15:18 of 2nd period - Goal by Evgeni Malkin - TAMPA BAY : 2 - ARIZONA : 2.
15:19 of 2nd period - Jean-Gabriel Pageau wins face-off versus Filip Chytil in neutral zone.
15:21 of 2nd period - Off-side.
15:22 of 2nd period - Jean-Gabriel Pageau wins face-off versus Filip Chytil in neutral zone.
15:32 of 2nd period - Joel Eriksson Ek is hit by Josh Brown and loses puck.
15:51 of 2nd period - Shot by Viktor Arvidsson.
15:51 of 2nd period - Stopped by Corey Crawford without a rebound.
15:52 of 2nd period - Evgeni Malkin wins face-off versus Elias Lindholm in ARIZONA zone.
15:52 of 2nd period - Gabriel Landeskog is hit by Elias Lindholm and loses puck.
15:59 of 2nd period - Shot by Sebastian Aho.
15:59 of 2nd period - Shot Misses the Net.
16:01 of 2nd period - Shot by Mathew Barzal.
16:01 of 2nd period - Shot Misses the Net.
17:19 of 2nd period - Shot by Mikael Backlund.
17:19 of 2nd period - Stopped by Pavel Francouz without a rebound.
17:20 of 2nd period - Filip Chytil wins face-off versus Jean-Gabriel Pageau in TAMPA BAY zone.
17:39 of 2nd period - Shot by Jean-Gabriel Pageau.
17:39 of 2nd period - Stopped by Pavel Francouz without a rebound.
17:40 of 2nd period - Brad Richardson wins face-off versus David Kampf in TAMPA BAY zone.
17:55 of 2nd period - Shot by Thomas Chabot.
17:55 of 2nd period - Shot Hit the Post.
18:29 of 2nd period - Shot by Viktor Arvidsson.
18:29 of 2nd period - Shot Blocked by Justin Faulk.
18:31 of 2nd period - Shot by Vladislav Gavrikov.
18:31 of 2nd period - Stopped by Corey Crawford without a rebound.
18:32 of 2nd period - Evgeni Malkin wins face-off versus Tyson Jost in ARIZONA zone.
18:32 of 2nd period - Evgeni Malkin is hit by Robby Fabbri.
18:47 of 2nd period - Evgeni Malkin is hit by Josh Brown and loses puck.
18:51 of 2nd period - Gabriel Landeskog is hit by Josh Brown and loses puck.
19:03 of 2nd period - Bryan Little is hit by MacKenzie Weegar and loses puck.
19:20 of 2nd period - Icing by Josh Brown.
19:21 of 2nd period - Tyson Jost wins face-off versus Mikael Backlund in TAMPA BAY zone.
19:52 of 2nd period - Shot by Mikael Backlund.
19:52 of 2nd period - Stopped by Pavel Francouz without a rebound.
19:53 of 2nd period - Jean-Gabriel Pageau wins face-off versus Filip Chytil in TAMPA BAY zone.
Goals for this period are 2 for TAMPA BAY vs 1 for ARIZONA.
Shots for this period are 9 for TAMPA BAY vs 18 for ARIZONA.

3rd period


0:01 of 3rd period - Evgeni Malkin wins face-off versus Elias Lindholm in neutral zone.
0:01 of 3rd period - Evgeni Malkin is hit by Mathew Barzal.
0:23 of 3rd period - Elias Lindholm is hit by Justin Faulk and loses puck.
0:56 of 3rd period - Icing by Filip Forsberg.
0:57 of 3rd period - Mikael Backlund wins face-off versus Filip Chytil in TAMPA BAY zone.
1:18 of 3rd period - Shot by Mikael Backlund.
1:18 of 3rd period - Stopped by Pavel Francouz with a rebound.
1:34 of 3rd period - Shot by Conor Sheary.
1:34 of 3rd period - Stopped by Pavel Francouz without a rebound.
1:35 of 3rd period - Tyson Jost wins face-off versus Jean-Gabriel Pageau in TAMPA BAY zone.
1:40 of 3rd period - Jean-Gabriel Pageau is hit by Jake Virtanen and loses puck.
1:54 of 3rd period - Tyson Jost is hit by Mario Ferraro and loses puck.
2:38 of 3rd period - Shot by Gabriel Landeskog.
2:38 of 3rd period - Shot Misses the Net.
2:44 of 3rd period - Shot by Bryan Little.
2:44 of 3rd period - Deflect By Evgeni Malkin.
2:44 of 3rd period - Shot Misses the Net.
3:00 of 3rd period - Shot by Thomas Chabot.
3:00 of 3rd period - Shot Misses the Net.
3:04 of 3rd period - Shot by Gabriel Landeskog.
3:04 of 3rd period - Stopped by Pavel Francouz without a rebound.
3:05 of 3rd period - Filip Chytil wins face-off versus Mikael Backlund in TAMPA BAY zone.
3:26 of 3rd period - Shot by Filip Forsberg.
3:26 of 3rd period - Goal by Filip Forsberg - TAMPA BAY : 3 - ARIZONA : 2.
3:27 of 3rd period - Tyson Jost wins face-off versus Nicolas Aube-Kubel in neutral zone.
4:25 of 3rd period - Conor Sheary is hit by MacKenzie Weegar and loses puck.
4:29 of 3rd period - Adrian Kempe is hit by Josh Brown and loses puck.
4:36 of 3rd period - Shot by Mikael Backlund.
4:36 of 3rd period - Shot Blocked by MacKenzie Weegar.
5:32 of 3rd period - Shot by Mathew Barzal.
5:32 of 3rd period - Shot Misses the Net.
5:34 of 3rd period - Shot by Elias Lindholm.
5:34 of 3rd period - Stopped by Corey Crawford without a rebound.
5:35 of 3rd period - Jean-Gabriel Pageau wins face-off versus Filip Chytil in ARIZONA zone.
6:06 of 3rd period - Shot by Jean-Gabriel Pageau.
6:06 of 3rd period - Shot Misses the Net.
6:21 of 3rd period - Icing by Filip Forsberg.
6:22 of 3rd period - Mikael Backlund wins face-off versus Filip Chytil in TAMPA BAY zone.
6:23 of 3rd period - Shot by Henri Jokiharju.
6:23 of 3rd period - Stopped by Pavel Francouz with a rebound.
6:25 of 3rd period - Shot by Conor Sheary.
6:25 of 3rd period - Shot Misses the Net.
6:27 of 3rd period - Shot by Conor Sheary.
6:27 of 3rd period - Shot Blocked by Zach Werenski.
6:29 of 3rd period - Shot by Henri Jokiharju.
6:29 of 3rd period - Shot Misses the Net.
6:53 of 3rd period - Shot by Adrian Kempe.
6:53 of 3rd period - Stopped by Pavel Francouz with a rebound.
6:55 of 3rd period - Shot by Adrian Kempe.
6:55 of 3rd period - Shot Blocked by John Klingberg.
6:57 of 3rd period - Shot by Mikael Backlund.
6:57 of 3rd period - Stopped by Pavel Francouz without a rebound.
6:58 of 3rd period - Evgeni Malkin wins face-off versus Elias Lindholm in TAMPA BAY zone.
7:15 of 3rd period - Gabriel Landeskog is hit by Sebastian Aho and loses puck.
7:22 of 3rd period - Shot by Mathew Barzal.
7:22 of 3rd period - Stopped by Corey Crawford without a rebound.
7:23 of 3rd period - Jean-Gabriel Pageau wins face-off versus David Kampf in ARIZONA zone.
7:39 of 3rd period - MacKenzie Weegar is hit by Justin Faulk.
7:41 of 3rd period - Shot by Elias Lindholm.
7:41 of 3rd period - Shot Misses the Net.
7:43 of 3rd period - Shot by Elias Lindholm.
7:43 of 3rd period - Shot Misses the Net.
7:45 of 3rd period - Shot by Elias Lindholm.
7:45 of 3rd period - Stopped by Corey Crawford without a rebound.
7:46 of 3rd period - Tyson Jost wins face-off versus Bryan Little in ARIZONA zone.
8:20 of 3rd period - Shot by Evgeni Malkin.
8:20 of 3rd period - Shot Misses the Net.
9:00 of 3rd period - Shot by Adrian Kempe.
9:00 of 3rd period - Stopped by Pavel Francouz without a rebound.
9:01 of 3rd period - Elias Lindholm wins face-off versus Jean-Gabriel Pageau in TAMPA BAY zone.
9:06 of 3rd period - Shot by Mathew Barzal.
9:06 of 3rd period - Stopped by Corey Crawford without a rebound.
9:07 of 3rd period - Jean-Gabriel Pageau wins face-off versus Elias Lindholm in ARIZONA zone.
9:46 of 3rd period - Shot by Sebastian Aho.
9:46 of 3rd period - Shot Misses the Net.
10:27 of 3rd period - Shot by Filip Forsberg.
10:27 of 3rd period - Shot Blocked by Thomas Chabot.
11:15 of 3rd period - Conor Sheary is hit by Rasmus Andersson and loses puck.
11:16 of 3rd period - Minor Penalty to Vladislav Gavrikov for Roughing.
11:17 of 3rd period - Elias Lindholm wins face-off versus Mikael Backlund in TAMPA BAY zone.
11:17 of 3rd period - Elias Lindholm is hit by Zack Kassian.
12:04 of 3rd period - Shot by Evgeni Malkin.
12:04 of 3rd period - Stopped by Pavel Francouz without a rebound.
12:05 of 3rd period - Evgeni Malkin wins face-off versus Elias Lindholm in TAMPA BAY zone.
12:06 of 3rd period - Shot by Bryan Little.
12:06 of 3rd period - Shot Hit the Post.
12:08 of 3rd period - Shot by Thomas Chabot.
12:08 of 3rd period - Shot Misses the Net.
12:10 of 3rd period - Shot by Gabriel Landeskog.
12:10 of 3rd period - Stopped by Pavel Francouz without a rebound.
12:11 of 3rd period - Elias Lindholm wins face-off versus Evgeni Malkin in TAMPA BAY zone.
12:11 of 3rd period - Elias Lindholm is hit by Gabriel Landeskog.
12:31 of 3rd period - Shot by Bryan Little.
12:31 of 3rd period - Shot Misses the Net.
12:33 of 3rd period - Shot by Thomas Chabot.
12:33 of 3rd period - Shot Blocked by Josh Brown.
12:35 of 3rd period - Shot by Justin Faulk.
12:35 of 3rd period - Shot Misses the Net.
12:37 of 3rd period - Shot by Gabriel Landeskog.
12:37 of 3rd period - Goal by Gabriel Landeskog - TAMPA BAY : 3 - ARIZONA : 3.
12:38 of 3rd period - Riley Sheahan wins face-off versus Tyson Jost in neutral zone.
13:08 of 3rd period - Off-side.
13:09 of 3rd period - Elias Lindholm wins face-off versus Mikael Backlund in neutral zone.
13:22 of 3rd period - Shot by Mathew Barzal.
13:22 of 3rd period - Stopped by Corey Crawford with a rebound.
13:24 of 3rd period - Shot by MacKenzie Weegar.
13:24 of 3rd period - Shot Blocked by Jay Bouwmeester.
13:26 of 3rd period - Shot by Mathew Barzal.
13:26 of 3rd period - Stopped by Corey Crawford without a rebound.
13:27 of 3rd period - Evgeni Malkin wins face-off versus Filip Chytil in ARIZONA zone.
13:31 of 3rd period - Icing by Bryan Little.
13:32 of 3rd period - Gabriel Landeskog wins face-off versus Elias Lindholm in ARIZONA zone.
13:37 of 3rd period - Shot by Sebastian Aho.
13:37 of 3rd period - Shot Misses the Net.
13:57 of 3rd period - Shot by Evgeni Malkin.
13:57 of 3rd period - Stopped by Pavel Francouz without a rebound.
13:58 of 3rd period - Mikael Backlund wins face-off versus Filip Chytil in TAMPA BAY zone.
14:56 of 3rd period - Sebastian Aho is hit by Justin Faulk.
15:07 of 3rd period - Shot by Bryan Little.
15:07 of 3rd period - Shot Misses the Net.
15:22 of 3rd period - Icing by Vladislav Gavrikov.
15:23 of 3rd period - Jean-Gabriel Pageau wins face-off versus Elias Lindholm in TAMPA BAY zone.
15:34 of 3rd period - Shot by Joel Eriksson Ek.
15:34 of 3rd period - Stopped by Pavel Francouz without a rebound.
15:35 of 3rd period - Tyson Jost wins face-off versus Riley Sheahan in TAMPA BAY zone.
15:41 of 3rd period - Tyson Jost is hit by Riley Sheahan and loses puck.
15:46 of 3rd period - Riley Sheahan is hit by Jake Virtanen and loses puck.
15:54 of 3rd period - Riley Sheahan is hit by Josh Brown and loses puck.
16:08 of 3rd period - Robby Fabbri is hit by Justin Faulk and loses puck.
16:41 of 3rd period - Shot by Filip Forsberg.
16:41 of 3rd period - Shot Misses the Net.
16:53 of 3rd period - Shot by Viktor Arvidsson.
16:53 of 3rd period - Goal by Viktor Arvidsson - TAMPA BAY : 4 - ARIZONA : 3.
16:54 of 3rd period - Elias Lindholm wins face-off versus Jean-Gabriel Pageau in neutral zone.
17:07 of 3rd period - Icing by Joel Eriksson Ek.
17:08 of 3rd period - Jean-Gabriel Pageau wins face-off versus David Kampf in ARIZONA zone.
17:16 of 3rd period - Shot by Elias Lindholm.
17:16 of 3rd period - Stopped by Corey Crawford without a rebound.
17:17 of 3rd period - Evgeni Malkin wins face-off versus Jake Virtanen in ARIZONA zone.
17:21 of 3rd period - Off-side.
17:22 of 3rd period - Filip Chytil wins face-off versus Evgeni Malkin in neutral zone.
17:35 of 3rd period - Shot by Bryan Little.
17:35 of 3rd period - Shot Blocked by John Klingberg.
17:45 of 3rd period - Shot by Viktor Arvidsson.
17:45 of 3rd period - Deflect By Filip Forsberg.
17:45 of 3rd period - Stopped by Corey Crawford without a rebound.
17:46 of 3rd period - Jean-Gabriel Pageau wins face-off versus Elias Lindholm in ARIZONA zone.
17:46 of 3rd period - Jean-Gabriel Pageau is hit by Sebastian Aho.
18:40 of 3rd period - Filip Forsberg is hit by Henri Jokiharju and loses puck.
19:06 of 3rd period - Icing by Filip Forsberg.
19:07 of 3rd period - Filip Chytil wins face-off versus Evgeni Malkin in TAMPA BAY zone.
19:37 of 3rd period - Mathew Barzal is hit by Gabriel Landeskog.
19:57 of 3rd period - ARIZONA, Corey Crawford is pulled from the net.
Goals for this period are 2 for TAMPA BAY vs 1 for ARIZONA.
Shots for this period are 10 for TAMPA BAY vs 12 for ARIZONA.